 Dungeon Crawl Stone Soup version 0.28.0 (webtiles) character file.

Game seed: 6266746324049641261

1 browni3141 the Chopper (level 1, -2/30 HPs)
             Began as a Minotaur Berserker on Feb 18, 2022.
             Was a Follower of Trog.
             Slain by a gnoll (7 damage)
             ... on level 1 of the Dungeon.
             The game lasted 00:00:05 (49 turns).

browni3141 the Chopper (Minotaur Berserker)           Turns: 49, Time: 00:00:05

Health: -2/30      AC:  2    Str: 21    XL:     1   Next: 16%
Magic:  0/0        EV: 12    Int:  4    God:    Trog [*.....]
Gold:   0          SH:  0    Dex:  9    Spells: 0/0 levels left

rFire   . . .      SeeInvis .   a - +0 hand axe
rCold   . . .      Faith    .   (no shield)
rNeg    . . .      Spirit   .   b - +0 animal skin
rPois   .          Reflect  .   (helmet restricted)
rElec   .          Harm     .   (no cloak)
rCorr   .          Rampage  .   (no gloves)
Will    .....                   (no boots)
Stlth   ..........              (no amulet)
HPRegen 0.10/turn               (no ring)
MPRegen 0.07/turn               (no ring)

@: berserking, very quick
A: horns 2, retaliatory headbutt
a: Renounce Religion, Berserk


You were on level 1 of the Dungeon.
You worshipped Trog.
Trog was aware of your devotion.
You visited 1 branch of the dungeon, and saw 1 of its levels.


Innate Abilities, Weirdness & Mutations

You have a pair of horns on your head.
You reflexively headbutt those who attack you in melee.


   Skills:
 * Level 3.6 Fighting
 * Level 3.6 Axes
 + Level 2.4 Armour
 - Level 2.1 Dodging


You couldn't memorise any spells.
You didn't know any spells.
Your spell library was empty.

Inventory:

Hand Weapons
 a - a +0 hand axe (weapon)
Armour
 b - a +0 animal skin (worn)
Potions
 c - a potion of resistance {unknown}

Dungeon Overview and Level Annotations

Branches:
Dungeon (1/15)

Altars:

.########.........#
....(.......##..>
#.######.##.##..
#.#....#.##.##.#
#.#.##.#.##.##.#
#.#..#.#.##..#.# #
#.#.<#.#.##....####.#
#.####.#.##.##..g...####
.......#.##.....@.......
.#######....######.##.##
## .#### #


You could see a gnoll.


Message History

The gnoll hits you from afar with a +0 spear.
The hobgoblin closely misses you. You furiously retaliate!
You headbutt the hobgoblin!
You kill the hobgoblin!
Trog accepts your kill.
A gnoll is nearby!
A gnoll is nearby!
A gnoll is nearby!
The gnoll hits you with a +0 spear!
* * * LOW HITPOINT WARNING * * *
You completely miss the gnoll. The gnoll hits you with a +0 spear.
* * * LOW HITPOINT WARNING * * *
The gnoll closely misses you.
You are too injured to fight recklessly!
The gnoll misses you. You furiously retaliate!
You headbutt the gnoll!
You are too injured to fight recklessly!
You are too injured to fight recklessly!
You are too injured to fight recklessly!
You are too injured to fight recklessly!
You are too injured to fight recklessly!
You hit the gnoll but do no damage.
The gnoll is severely wounded.
The gnoll hits you with a +0 spear.
* * * LOW HITPOINT WARNING * * *
A red film seems to cover your vision as you go berserk!
You feel yourself moving faster!
You feel mighty! The gnoll barely misses you.
You hit the gnoll.
The gnoll is almost dead.
The gnoll hits you with a +0 spear!
You die...

Action                   || total
-------------------------++-------
Melee: Hand axe          ||     3
Invok: Berserk           ||     1
Dodge: Dodged            ||     4

Levels and vault maps discovered:
D:1:      zelgadis_glass_arrival_small, layout_loops_ring, serial_shops,
          nicolae_shop_temple_entry_statues_fountains, hangedman_decor_push

Notes
Turn   | Place    | Note
-------+----------+-------------------------------------------
     0 | D:1      | browni3141 the Minotaur Berserker began the quest for the
                  | Orb.
     0 | D:1      | Reached XP level 1. HP: 19/19 MP: 0/0
    49 | D:1      | Slain by a gnoll

Vanquished Creatures
  A hobgoblin (D:1)
1 creature vanquished.

Table legend: (Time is in decaauts)
 A = Elapsed time spent in this place.
 B = Non-inter-level travel time spent in this place.
 C = Inter-level travel time spent in this place.
 D = Time resting spent in this place.
 E = Time spent auto-exploring this place.
 F = Levels seen in this place.
 G = Mean time per level.
                   A        B        C        D        E       F      G
               +--------+--------+--------+--------+--------+-----+--------+
         Total |     49 |     49 |      0 |      0 |     35 |   1 |   49.0 |
       Dungeon |     49 |     49 |      0 |      0 |     35 |   1 |   49.0 |
               +--------+--------+--------+--------+--------+-----+--------+

Top non-repeatable levels by time:
     D:1: 49 daAuts

Table legend:
 A = Non-vault XP
 B = Vault XP
 C = Vault XP percentage of total XP
 D = Non-vault monster count
 E = Vault monster count
 F = Vault count percentage of total count
                 A         B        C        D         E       F
            +---------+---------+-------+---------+---------+-------
      Total |       2 |       0 |   0.0 |       1 |       0 |   0.0
            +---------+---------+-------+---------+---------+-------
        D:1 |       2 |       0 |   0.0 |       1 |       0 |   0.0
            +---------+---------+-------+---------+---------+-------
